 Dungeon Crawl Stone Soup version 0.30.1-1-g62c8e00024 (webtiles) character file.

Game seed: 10590695510168866556

567 GeoRichter the Skirmisher (level 7, -8/33 HPs)
             Began as a Spriggan Hunter on July 15, 2023.
             Was an Initiate of Okawaru.
             Killed from afar by Dowan (22 damage)
             ... with a shard of ice
             ... on level 4 of the Dungeon.
             The game lasted 00:04:36 (2576 turns).

GeoRichter the Skirmisher (Spriggan Hunter)         Turns: 2576, Time: 00:04:36

Health: -8/33      AC:  2    Str:  7    XL:     7   Next: 11%
Magic:  8/8        EV: 18    Int: 10    God:    Okawaru [......]
Gold:   159        SH:  5    Dex: 21    Spells: 6/6 levels left

rFire   + + .        a - +0 shortbow
rCold   + . .        (shield currently unavailable)
rNeg    . . .        c - +0 robe
rPois   .            (helmet restricted)
rElec   .            k - scarf {rC+ rF+}
rCorr   .            (gloves unavailable)
SInv    +            (boots unavailable)
Will    +....        m - amulet of reflection
Stlth   +++          p - ring of protection from fire
HPRegen 0.25/turn    (no ring)
MPRegen 0.11/turn

%: reflection
@: studying Necromancy, very quick
A: very small, no large weapons, unfitting armour, see invisible, speed 3
a: Renounce Religion


You were on level 4 of the Dungeon.
You worshipped Okawaru.
Okawaru was noncommittal.
You visited 1 branch of the dungeon, and saw 4 of its levels.

You collected 159 gold pieces.

Inventory:

Hand Weapons
 a - a +0 shortbow (weapon)
 d - a +2 dagger of venom
   (You found it on level 3 of the Dungeon)
Armour
 c - a +0 robe (worn)
 k - a scarf of resistance (worn)
   (You found it on level 1 of the Dungeon)
Jewellery
 i - a ring of wizardry
   (You found it on level 1 of the Dungeon)
 m - an amulet of reflection (around neck)
   (You found it on level 1 of the Dungeon)
 p - a ring of protection from fire (left hand)
   (You found it on level 2 of the Dungeon)
Scrolls
 e - 3 scrolls of noise {!r}
 f - 2 scrolls of silence
 j - a scroll of vulnerability {unknown}
 l - 2 scrolls of magic mapping
 s - a scroll of fear {unknown}
Potions
 b - a potion of degeneration {unknown}
 g - a potion of cancellation
 h - a potion of ambrosia
 n - a potion of might {unknown}
 q - a potion of lignification {unknown}
 r - 2 potions of haste {@q3}


   Skills:
 - Level 1.5 Fighting
 * Level 8.3 Ranged Weapons
 - Level 2.6 Dodging
 - Level 4.0 Stealth


You had 6 spell levels left.
You didn't know any spells.
Your spell library was empty.

Dungeon Overview and Level Annotations

Branches:
Dungeon (4/15) Zot: 22183
 Temple: D:4-7

Altars:
Okawaru

Annotations:
D:2 Natasha
D:4 Dowan


Innate Abilities, Weirdness & Mutations

You are very small and have problems with some larger weapons.
You are too small for most types of armour.
You have supernaturally acute eyesight. (SInv)
You cover ground extremely quickly. (Speed+++)


Message History

Aim: Dowan, wielding a +0 dagger and wearing a +0 robe (moderately wounded, fast, 57% to hit)
You shoot an arrow. The arrow hits Dowan.
Dowan is heavily wounded.
Fire: a) +0 shortbow
Press: ? - help, Q - select action Shift-Dir - straight line, f/p - Dowan
Aim: Dowan, wielding a +0 dagger and wearing a +0 robe (heavily wounded, fast, 57% to hit)
You shoot an arrow. The arrow closely misses Dowan.
Dowan points at you and mumbles some strange words.
The stone arrow misses you. Dowan gestures at you while chanting.
The stone arrow hits you!
Fire: a) +0 shortbow
Press: ? - help, Q - select action Shift-Dir - straight line, f/p - Dowan
Aim: Dowan, wielding a +0 dagger and wearing a +0 robe (heavily wounded, fast, 57% to hit)
You shoot an arrow. The arrow closely misses Dowan.
Fire: a) +0 shortbow
Press: ? - help, Q - select action Shift-Dir - straight line, f/p - Dowan
Aim: Dowan, wielding a +0 dagger and wearing a +0 robe (heavily wounded, fast, 57% to hit)
You shoot an arrow. The arrow hits Dowan.
Dowan is severely wounded.
Dowan gestures at you while chanting. The stone arrow misses you.
Dowan mumbles some strange words.
Dowan blinks!
Dowan points at you and mumbles some strange words.
The stone arrow hits you!
* * * LOW HITPOINT WARNING * * *
An ogre comes into view. It is wielding a +0 giant spiked club.
There is a stone staircase leading down here.
Dowan casts a spell at you. The stone arrow misses you.
Dowan casts a spell.
Dowan blinks!
Dowan casts a spell.
Dowan blinks!
There is a stone staircase leading up here.
You start resting.
Dowan is nearby!
Fire: a) +0 shortbow
Press: ? - help, Q - select action Shift-Dir - straight line, f/p - Dowan
Aim: Dowan, wielding a +0 dagger and wearing a +0 robe (severely wounded, fast, 57% to hit)
You shoot an arrow. The arrow closely misses Dowan.
Fire: a) +0 shortbow
Press: ? - help, Q - select action Shift-Dir - straight line, f/p - Dowan
Aim: Dowan, wielding a +0 dagger and wearing a +0 robe (severely wounded, fast, 57% to hit)
You shoot an arrow. The arrow misses Dowan.
Dowan casts a spell at you. The shard of ice hits you!! You partially resist.
Ouch! That really hurt!
You die...

..... ###............†<.##.#...
#..##....................#...
##.............##.............
#....)........###.............
##.##.......................#.
...##........................#
.##.†.÷................)......#
#..#........)................
..............@..#....###......
#.......#.#..........## #...#..
#........##..........# #...#.#
.#...#..........###.## ##......
.^.###.........###..# #..####.
... #.#...e....###.###.####.. .
#........##...##.##....
##........#.............
#..###..#......###......


You could see Dowan (fast).

Vanquished Creatures
  Sigmund (D:2)
  Duvessa (D:4)
  A scorpion (D:4)
  2 hounds (D:4)
  A sleepcap (D:4)
  Natasha (D:2)
  An iguana (D:4)
  4 adders
  3 dart slugs (D:1)
  2 orcs
  4 bats
  6 endoplasms
  5 giant cockroaches
  11 goblins
  8 hobgoblins
  6 quokkas
  7 ball pythons
  4 frilled lizards (D:1)
  7 kobolds
  2 rats
77 creatures vanquished.

Notes
Turn   | Place    | Note
-------+----------+-------------------------------------------
     0 | D:1      | GeoRichter the Spriggan Hunter began the quest for the Orb.
     0 | D:1      | Reached XP level 1. HP: 10/10 MP: 2/2
    97 | D:1      | Reached XP level 2. HP: 14/14 MP: 3/3
   449 | D:1      | Reached XP level 3. HP: 18/18 MP: 4/4
   677 | D:2      | Noticed Sigmund
   692 | D:2      | Killed Sigmund
   693 | D:2      | Reached skill level 6 in Ranged Weapons
   693 | D:2      | Reached XP level 4. HP: 20/22 MP: 5/5
   693 | D:2      | Reached XP level 5. HP: 23/25 MP: 6/6
   953 | D:2      | Noticed Natasha
   960 | D:2      | Killed Natasha
  1073 | D:2      | Noticed Natasha
  1648 | D:3      | Found an iron altar of Okawaru.
  1743 | D:3      | Became a worshipper of Warmaster Okawaru
  1809 | D:3      | Reached XP level 6. HP: 30/30 MP: 7/7
  2183 | D:4      | Reached skill level 7 in Ranged Weapons
  2425 | D:4      | Noticed Duvessa
  2466 | D:4      | Noticed Dowan
  2487 | D:4      | Killed Duvessa
  2488 | D:4      | Reached skill level 8 in Ranged Weapons
  2505 | D:4      | Reached XP level 7. HP: 33/33 MP: 8/8
  2576 | D:4      | Killed from afar by Dowan

Illustrated notes

Levels and vault maps discovered:
D:1:      minmay_arrival_split_and_join, layout_basic
D:2:      layout_rooms, uniq_sigmund, uniq_natasha
D:3:      layout_basic, overflow_temple_1_default
D:4:      layout_cave_pools, nemelex_spade_bored_becter, eino_tiny_chamber,
          minmay_manual_monolith, uniq_duvessa

Skill      XL: |  1  2  3  4  5  6 |
---------------+-------------------+-----
Stealth        | 2 4 |  4.0
Ranged Weapons | 6 8 |  8.3
Fighting       | |  1.5
Dodging        | |  2.6

Action                     |  1- 3 |  4- 6 |  7- 9 || total
---------------------------+-------+-------+-------++-------
   Fire: Shortbow          |    87 |   132 |     9 ||   228
    Use: Scroll            |     1 |     7 |       ||     8
 Armour: Robe              |     2 |       |       ||     2
  Dodge: Dodged            |    18 |    18 |     3 ||    39
  Block: Other             |     1 |     9 |       ||    10
